 Dungeon Crawl Stone Soup version 0.20.1-1-g8b1a95d (webtiles) character file.

1523 OneorTwo the Spear-Bearer (level 8, -2/60 HPs)
             Began as a Merfolk Ice Elementalist on Aug 8, 2017.
             Slain by a centaur
             ... wielding a +0 quarterstaff
              (8 damage)
             ... on level 5 of the Dungeon.
             The game lasted 00:31:28 (7282 turns).

OneorTwo the Spear-Bearer (MfIE)                    Turns: 7282, Time: 00:31:28

Health: -2/60      AC:  6    Str:  8    XL:     8   Next: 84%
Magic:  22/24      EV: 16    Int: 14    God:
Gold:   308        SH:  0    Dex: 17    Spells: 10/16 levels left

rFire    . . .     SeeInvis .   D - +1 trident
rCold    . . .     Gourm    .   (no shield)
rNeg     . . .     Faith    .   a - +0 robe
rPois    .         Spirit   .   (no helmet)
rElec    .         Reflect  .   (no cloak)
rCorr    .         Harm     .   x - +0 pair of gloves
MR       +....                  d - +2 pair of boots
Stlth    ++........             (no amulet)
Regen    0.2/turn               q - ring of protection from magic
MPRegen  0.2/turn               y - ring of magical power

@: no status effects
A: change form in water, swift swim, stealthy swim
a: no special abilities


You were on level 5 of the Dungeon.
You were not hungry.

You visited 1 branch of the dungeon, and saw 5 of its levels.

You collected 308 gold pieces.

Inventory:

Hand Weapons
 u - a +0 spear
 D - a +1 trident (weapon)
Missiles
 e - 176 stones
 z - 4 tomahawks (quivered)
Armour
 a - a +0 robe (worn)
 d - a +2 pair of boots (worn)
 x - a +0 pair of gloves (worn)
Jewellery
 h - an uncursed ring of fire
 q - a ring of protection from magic (left hand)
 t - an uncursed ring of fire
 y - a ring of magical power (right hand)
 A - an uncursed ring of positive energy
Scrolls
 g - 2 scrolls of identify
 l - a scroll of amnesia {unknown}
 m - a scroll of fog
 n - a scroll of remove curse
 o - a scroll of fear {unknown}
 s - 3 scrolls of teleportation
 v - a scroll of enchant armour
Potions
 f - a potion of haste {unknown}
 i - 4 potions of cancellation
 j - 2 potions of lignification {unknown}
 k - 3 potions of magic {unknown}
 p - a potion of ambrosia {unknown}
 r - a potion of heal wounds {unknown}
 B - a potion of flight {unknown}
 E - a potion of might {unknown}
Books
 b - a book of Frost

   Spells                             Type                      Level
   a - Freeze                         Ice                          1
   b - Throw Frost                    Conjuration/Ice              2
   c - Ozocubu's Armour               Charms/Ice                   3
   d - Throw Icicle                   Conjuration/Ice              4
   e - Summon Ice Beast               Ice/Summoning                4
Comestibles
 c - 4 bread rations
 w - a meat ration


   Skills:
 + Level 4.0 Fighting
 * Level 8.1 Polearms
 + Level 5.9 Dodging
 - Level 2.1 Stealth
 + Level 4.9 Spellcasting
 - Level 0.7 Conjurations
 + Level 6.3 Ice Magic


You had 10 spell levels left.
You knew the following spells:

 Your Spells              Type           Power        Failure   Level  Hunger
a - Freeze                Ice            ###.         1%          1    None
b - Throw Frost           Conj/Ice       ##....       6%          2    ##.....
c - Ozocubu's Armour      Chrm/Ice       ##......     14%         3    ###....


Dungeon Overview and Level Annotations

Branches:
Dungeon (5/15)
 Temple: D:4-7

Altars:
Cheibriados
Hepliaklqana
Vehumet
Yredelemnul
The Shining One


Message History

The centaur hits you with a quarterstaff!
* * * LOW HITPOINT WARNING * * *
Casting: Freeze
Confirm with . or Enter, or press ? or * to list all spells.
Aiming: Freeze
Press: ? - help, Shift-Dir - straight line, f - centaur
Aim: a centaur, wielding a quarterstaff You freeze the centaur.
The centaur is lightly wounded.
The centaur completely misses you.
Casting: Freeze
Confirm with . or Enter, or press ? or * to list all spells.
Aiming: Freeze
Press: ? - help, Shift-Dir - straight line, f/p - centaur
Aim: a centaur, wielding a quarterstaff (lightly wounded)
You freeze the centaur.
The centaur is moderately wounded.
The centaur misses you.
The centaur hits you with a quarterstaff!
You die...

..#...# #........##.# #..
...#########........##.# ...
..........##........##.# #.#
....#####.#########.##.# #.#
........#.# #.##.# #.######
....###.#.###### #.##.# #.......
...............# #.##(# #§§...#.
.#........####.####.##)###Z#..#?#
........### #...@.#.()((##§#.#...
........#####.#.#c####.(##§#.....
........'.....#...###...§§§§...#.
........########........§..(..#.#
'######## #.###.........#... .#
#..##.#..##'#..... .#
##.##....##.....#. .#
#.####.###....#)# '## #.. #.#
#.#.#...


You could see a centaur.

Vanquished Creatures
  Eustachio (D:4)
  A sky beast (D:5)
  The ghost of ajx the Cudgeler, an amateur MiBe of Trog (D:3)
  An ice beast (D:5)
  A centaur (D:5)
  2 ogres
  A bullfrog (D:5)
  A water moccasin skeleton (D:5)
  A scorpion (D:5)
  A crimson imp (D:5)
  3 hounds
  An orc priest (D:2)
  A gnoll shaman (D:3)
  A centaur skeleton (D:4)
  4 orc wizards
  A bullfrog skeleton (D:5)
  An iguana (D:4)
  11 gnolls
  9 adders
  2 shadow imps (D:5)
  3 oozes
  4 worms
  3 dart slugs
  8 leopard geckos
  18 orcs
  11 bats
  9 giant cockroaches
  3 goblins
  6 hobgoblins
  A quokka (D:4)
  6 frilled lizards
  A jackal skeleton (D:4)
  6 kobolds
  A leopard gecko skeleton (D:4)
  A quokka zombie (D:5)
  12 rats
  A spectral orc (D:3)
139 creatures vanquished.

Notes
Turn   | Place    | Note
-------+----------+-------------------------------------------
     0 | D:1      | OneorTwo the Merfolk Ice Elementalist began the quest for the Orb.
     0 | D:1      | Reached XP level 1. HP: 13/13 MP: 3/3
   262 | D:1      | Reached XP level 2. HP: 19/19 MP: 1/5
   419 | D:1      | Found a glowing golden altar of the Shining One.
   757 | D:1      | Reached XP level 3. HP: 22/24 MP: 4/7
  1052 | D:1      | Learned a level 2 spell: Throw Frost
  1056 | D:1      | Learned a level 3 spell: Ozocubu's Armour
  1298 | D:2      | Reached XP level 4. HP: 30/30 MP: 4/8
  1748 | D:2      | Found a radiant altar of Vehumet.
  1979 | D:2      | Reached skill level 5 in Ice Magic
  2002 | D:2      | Reached XP level 5. HP: 13/35 MP: 0/10
  2769 | D:2      | Reached skill level 1 in Polearms
  3135 | D:2      | Reached skill level 2 in Polearms
  3267 | D:3      | Reached skill level 1 in Fighting
  3267 | D:3      | Reached XP level 6. HP: 36/43 MP: 2/11
  3560 | D:3      | Found a snail-covered altar of Cheibriados.
  3611 | D:3      | Noticed ajx's ghost (amateur MiBe)
  3946 | D:3      | Killed ajx's ghost
  3946 | D:3      | Reached skill level 3 in Polearms
  4501 | D:3      | Reached skill level 4 in Polearms
  4501 | D:3      | Reached XP level 7. HP: 48/50 MP: 1/12
  4603 | D:3      | Found a hazy altar of Hepliaklqana.
  4633 | D:3      | Found a glowing golden altar of the Shining One.
  4705 | D:3      | Found a basalt altar of Yredelemnul.
  4955 | D:4      | Reached skill level 5 in Polearms
  6201 | D:4      | Noticed Eustachio
  6253 | D:5      | Entered Level 5 of the Dungeon
  6279 | D:4      | Killed Eustachio
  6279 | D:4      | Reached skill level 6 in Polearms
  6279 | D:4      | Reached skill level 5 in Dodging
  6279 | D:4      | Reached XP level 8. HP: 54/58 MP: 8/14
  6709 | D:5      | Reached skill level 7 in Polearms
  7226 | D:5      | Reached skill level 8 in Polearms
  7282 | D:5      | Slain by a centaur

Skill      XL: |  1  2  3  4  5  6  7  8 |
---------------+-------------------------+-----
Ice Magic      | 4 5 6 |  6.3
Spellcasting   | 3 4 |  4.9
Polearms       | 2 4 6 8 |  8.1
Dodging        | 3 4 5 |  5.9
Fighting       | 1 2 3 4 |  4.0
Stealth        | |  2.1
Conjurations   | |  0.7

Action                   |  1- 3 |  4- 6 |  7- 9 || total
-------------------------+-------+-------+-------++-------
Melee: Unarmed           |    98 |     8 |       ||   106
       Spear             |       |    45 |       ||    45
       Trident           |       |    18 |   203 ||   221
Throw: Tomahawk          |     8 |    26 |    23 ||    57
 Cast: Freeze            |    32 |    72 |    55 ||   159
       Throw Frost       |       |    33 |    22 ||    55
       Ozocubu's Armour  |       |     2 |     4 ||     6
  Use: Scroll            |       |       |    12 ||    12
 Stab: Sleeping          |     2 |     2 |     2 ||     6
       Distracted        |       |     1 |       ||     1
  Eat: Chunk             |     2 |    11 |    11 ||    24
Armor: Robe              |    52 |    25 |    36 ||   113
Dodge: Dodged            |   113 |    80 |   167 ||   360
